 Dungeon Crawl Stone Soup version 0.31-a0-233-g139696dc86 (webtiles) character file.

Game seed: 1410881681357369344

221 Ofeo the Trooper (level 5, -3/48 HPs)
             Began as an Armataur Reaver on July 9, 2023.
             Succumbed to a goblin's poison
             ... on level 3 of the Dungeon.
             The game lasted 00:04:03 (1995 turns).

Ofeo the Trooper (Armataur Reaver)                  Turns: 1995, Time: 00:04:03

Health: -3/48      AC:  4    Str: 19    XL:     5   Next: 65%
Magic:  7/7        EV:  9    Int: 14    God:
Gold:   18         SH:  0    Dex:  8    Spells: 6/7 levels left

rFire   . . .        d - +2 whip (drain)
rCold   . . .        (no shield)
rNeg    . . .        b - +0 leather armour
rPois   .            (no helmet)
rElec   .            (no cloak)
rCorr   .            (no gloves)
SInv    .            (no barding)
Will    .....        (no amulet)
Stlth   +            (no ring)
HPRegen 0.28/turn    (no ring)
MPRegen 0.10/turn

%: roll
@: lethally poisoned (-3 -> -23), about to teleport
A: large, rugged brown scales 3, deformed body, armoured tail, roll, long
tongue, awkward tongue
a: no special abilities


You were on level 3 of the Dungeon.
You visited 1 branch of the dungeon, and saw 3 of its levels.

You collected 126 gold pieces.
You spent 108 gold pieces at shops.

Inventory:

Hand Weapons
 a - a +0 hand axe
 d - a +2 whip of draining (weapon)
Missiles
 g - 3 curare-tipped darts
Armour
 b - a +0 leather armour (worn)
 l - a +0 pair of gloves
Wands
 m - a wand of paralysis (6)
Scrolls
 i - 2 scrolls of identify {@r1}
 j - a scroll of fear {unknown}
 k - a scroll of poison {unknown}
Potions
 f - a potion of ambrosia {unknown}
 h - a potion of might {@q4}


   Skills:
 + Level 3.5 Fighting
 - Level 2.8 Axes
 + Level 2.1 Throwing
 + Level 2.8 Dodging
 - Level 1.7 Spellcasting
 - Level 2.6 Conjurations


You had 6 spell levels left.
You knew the following spells:

 Your Spells              Type           Power      Damage    Failure   Level
a - Kiss of Death         Conj/Necr      16%        2d6       17%         1

Your spell library contained the following spells:

 Spells                   Type           Power      Damage    Failure   Level
 Momentum Strike          Conj/Tloc      8%         3d8       26%         2
 Hailstorm                Conj/Ice       4%         3d4       45%         3


Dungeon Overview and Level Annotations

Branches:
Dungeon (3/15)

Altars:

Shops:
D:1 *   D:2 (


Innate Abilities, Weirdness & Mutations

You are completely covered in rugged brown scales. (AC +3, +7% HP)
Armour fits poorly on your strangely shaped body.
You have a long armoured tail.
You roll when moving toward enemies. (Rampage)
Your long tongue fully drains potion bottles. (2x potion effects)
Your tongue gives you trouble enunciating. (1.5x scroll delay)


Message History

You feel sick. The goblin closely misses you. x2
You take 2 damage, and have 32/48 hp.
You feel sick. The goblin hits you with a +0 club.
The goblin hits you with a +1 dagger of venom.
You take 9 damage, and have 23/48 hp.
You feel sick. The goblin barely misses you.
Things that are here:
a +0 dagger; a goblin corpse You take 1 damage, and have 22/48 hp.
The goblin attacks as you move away! The goblin hits you but does no damage.
You are more poisoned.
You feel very sick.
Things that are here:
a +0 club; 7 gold pieces; a goblin corpse You take 3 damage, and have 19/48 hp.
You feel very sick.
You take 3 damage, and have 16/48 hp.
The goblin attacks as you move away! The goblin hits you with a +0 club.
* * * LOW HITPOINT WARNING * * *
You feel very sick.
You take 5 damage, and have 11/48 hp.
It was a potion of curing.
You feel better.
You slurp down every last drop of the potion of curing!
The goblin hits you but does no damage.
The goblin hits you with a +1 dagger of venom.
You are poisoned.
You regained 7 hp, and now have 18/48 hp.
As you slowly read the scroll of teleportation {@r3}, it crumbles to dust.
You feel strangely unstable.
You feel very sick. The goblin hits you with a +0 club.
* * * LOW HITPOINT WARNING * * *
The goblin completely misses you.
The goblin hits you with a +1 dagger of venom.
* * * LOW HITPOINT WARNING * * *
You are more poisoned.
The goblin hits you with a +0 club.
* * * LOW HITPOINT WARNING * * *
The goblin hits you but does no damage.
You take 17 damage, and have 1/48 hp.
MASSIVE DAMAGE!!
You die...

#.....(..$ ##........ #
....((..(. #.
######.......... # #.
..........(....
###.#.#####.............
.............##.###.....
#......#gg....#.# #...##
#....@..g)....# #.$.
#...#...ggg)..#)# .
#.##......#<#
........$..)......
#....#.......######
#.##.#....>..# #.
#(.........# #
.............
≈§≈≈≈≈.≈≈≈≈≈.


You could see 6 goblins.

Vanquished Creatures
  An ogre (D:2)
  Ijyb (D:3)
  Robin (D:3)
  A gnoll (D:1)
  4 adders
  A worm (D:2)
  A dart slug (D:3)
  5 ball pythons
  3 endoplasms
  5 giant cockroaches
  6 hobgoblins
  6 jackals (D:1)
  2 quokkas (D:1)
  4 bats
  4 frilled lizards
  8 goblins
  3 kobolds
  3 rats
59 creatures vanquished.

Notes
Turn   | Place    | Note
-------+----------+-------------------------------------------
     0 | D:1      | Ofeo the Armataur Reaver began the quest for the Orb.
     0 | D:1      | Reached XP level 1. HP: 18/18 MP: 3/3
    33 | D:1      | Reached skill level 2 in Fighting
   130 | D:1      | Reached XP level 2. HP: 24/25 MP: 4/4
   182 | D:1      | Found Noneymm's General Store.
   217 | D:1      | Bought a scroll of teleportation for 36 gold pieces
   365 | D:1      | Reached XP level 3. HP: 32/32 MP: 5/5
   821 | D:1      | Bought a potion of might for 48 gold pieces
   870 | D:2      | Found Tyniar's Weapon Emporium.
   882 | D:2      | Reached XP level 4. HP: 39/39 MP: 6/6
   906 | D:2      | Reached skill level 1 in Throwing
  1568 | D:2      | Found a faded altar of an unknown god.
  1629 | D:1      | Bought a scroll of identify for 24 gold pieces
  1658 | D:3      | Reached skill level 3 in Fighting
  1675 | D:3      | Noticed Robin
  1935 | D:3      | Noticed Ijyb
  1935 | D:3      | Noticed an ogre
  1940 | D:2      | Killed an ogre
  1941 | D:2      | Reached XP level 5. HP: 48/48 MP: 7/7
  1959 | D:3      | Paralysed by Ijyb for 3 turns
  1965 | D:3      | Paralysed by Ijyb for 3 turns
  1966 | D:3      | Killed Ijyb
  1987 | D:3      | Killed Robin
  1994 | D:3      | HP: 1/48 [goblin/+0 club[Robin] (5)]
  1995 | D:3      | Succumbed to a goblin's poison

Illustrated notes

Levels and vault maps discovered:
D:1:      dpeg_arrival_round_b, layout_basic, serial_shops, shop
D:2:      layout_rooms, dilly_ecumenical_altar_fadedgnrine, serial_shops,
          nicolae_shop_bloodbath_and_beyond
D:3:      layout_rooms, nicolae_ru_sacrificial_ziggurat, trog_book,
          grunt_gozag_breadcrumbs, mainiacjoe_overflow_catwalk_spiral, hex_tiny,
          uniq_ijyb, uniq_robin

Skill      XL: |  1  2  3  4  5 |
---------------+----------------+-----
Fighting       | 2 3 |  3.5
Dodging        | 2 |  2.8
Throwing       | 1 2 |  2.1
Axes           | |  2.8
Spellcasting   | |  1.7
Conjurations   | |  2.6

Action                     |  1- 3 |  4- 6 || total
---------------------------+-------+-------++-------
  Melee: Hand axe          |    64 |       ||    64
         Tailslap          |     3 |     5 ||     8
         Punch             |     1 |       ||     1
         Whip              |    31 |    61 ||    92
  Throw: Dart              |     7 |    21 ||    28
    Use: Scroll            |       |     1 ||     1
         Potion            |       |     1 ||     1
 Armour: Leather armour    |    48 |    29 ||    77
  Dodge: Dodged            |    59 |    26 ||    85

Table legend: (Time is in decaauts)
 A = Elapsed time spent in this place.
 B = Non-inter-level travel time spent in this place.
 C = Inter-level travel time spent in this place.
 D = Time resting spent in this place.
 E = Time spent auto-exploring this place.
 F = Levels seen in this place.
 G = Mean time per level.
                   A        B        C        D        E       F      G
               +--------+--------+--------+--------+--------+-----+--------+
         Total |   2009 |   1874 |    135 |    292 |   1209 |   3 |  669.7 |
       Dungeon |   2009 |   1874 |    135 |    292 |   1209 |   3 |  669.7 |
               +--------+--------+--------+--------+--------+-----+--------+

Top non-repeatable levels by time:
     D:2: 1048 daAuts
     D:1: 879 daAuts
     D:3: 80 daAuts
